 Dungeon Crawl Stone Soup version 0.19-a0-1634-g2f321e7 (webtiles) character file.

21 Reeven the Chopper (level 2, 0/24 HPs)
             Began as a Centaur Gladiator on Sept 19, 2016.
             Succumbed to an adder's poison
             ... on level 2 of the Dungeon.
             The game lasted 00:06:25 (1049 turns).

Reeven the Chopper (Centaur Gladiator)              Turns: 1049, Time: 00:06:26

Health: 0/24       AC:  6    Str: 17    XL:     2   Next: 62%
Magic:  2/2        EV: 10    Int:  7    God:
Gold:   66         SH:  0    Dex:  9    Spells: 0 memorised, 1 level left

rFire  . . .     SeeInvis .     a - +0 war axe
rCold  . . .     Gourm    .     b - +0 leather armour
rNeg   . . .     Faith    .     (no shield)
rPois  .         Spirit   .     m - +0 helmet
rElec  .         Dismiss  .     (no cloak)
rCorr  .         Reflect  .     k - +0 pair of gloves
MR     .....     Harm     .     (no barding)
Stlth  ..........               (no amulet)
                                (no ring)
                                (no ring)

@: lethally poisoned (0 -> -3), very quick
A: hooves 3, deformed body, speed 2, tough skin 3
a: no special abilities


You were on level 2 of the Dungeon.
You were not hungry.

You visited 1 branch of the dungeon, and saw 2 of its levels.

You collected 66 gold pieces.

Inventory:

Hand Weapons
 a - a +0 war axe (weapon)
Missiles
 d - a throwing net (quivered)
Armour
 b - a +0 leather armour (worn)
 c - a +0 helmet
 k - a +0 pair of gloves (worn)
 m - a +0 helmet (worn)
Scrolls
 e - a scroll of amnesia
 h - 4 scrolls of identify
 i - 3 scrolls of remove curse
 l - a scroll of enchant armour
Potions
 j - a potion of heal wounds {unknown}
Comestibles
 f - 3 bread rations
 g - 3 chunks of flesh


   Skills:
 + Level 2.2 Fighting
 + Level 3.2 Axes
 + Level 2.1 Throwing
 + Level 0.1 Armour
 + Level 2.3 Dodging


You had one spell level left.
You didn't know any spells.

Dungeon Overview and Level Annotations

Branches:
Dungeon (2/15)

Altars:

Annotations:
D:2 Sigmund


Innate Abilities, Weirdness & Mutations

You have hooves in place of feet.
Armour fits poorly on your strangely shaped body.
You cover ground very quickly.
You have extremely tough skin. (AC +3)


Message History

The adder bites you but does no damage. The goblin hits you but does no damage.
The giant cockroach barely misses you. Sigmund completely misses you.
You hit Sigmund.
Sigmund is heavily wounded.
You closely miss the adder. You hit the goblin.
You kill the goblin!
You slash the giant cockroach!
You kill the giant cockroach!
You feel less confused. The adder closely misses you.
The adder bites you but does no damage. Sigmund hits you with a scythe!
You closely miss the adder. Your kick misses the adder.
The adder is heavily wounded.
You barely miss the adder. You barely miss Sigmund.
The adder bites you but does no damage. The adder misses you.
The adder bites you but does no damage. The adder bites you.
You are poisoned.
The adder poisons you! Sigmund hits you with a scythe!
* * * LOW HITPOINT WARNING * * *
You die...

#......... .
#........
..#.......# .
..........# ..
..........# g.
....>.....## .. .
.........).# .#...
.......<.@.#.....#
.........SS@g.....
.......#..........
.....$####........
...... ##.......
$....# .......
##### .......
[...... .......


You could see Sigmund, 2 adders and a hobgoblin.

Vanquished Creatures
  2 dart slugs (D:1)
  2 giant cockroaches
  2 goblins
  A hobgoblin (D:1)
  3 bats (D:1)
  A frilled lizard (D:1)
  3 kobolds (D:1)
  2 rats (D:1)
16 creatures vanquished.

Notes
Turn   | Place    | Note
-------+----------+-------------------------------------------
     0 | D:1      | Reeven the Centaur Gladiator began the quest for the Orb.
     0 | D:1      | Reached XP level 1. HP: 17/17 MP: 1/1
   365 | D:1      | Reached skill level 3 in Axes
   557 | D:1      | Reached XP level 2. HP: 14/24 MP: 2/2
  1036 | D:2      | Noticed Sigmund
  1048 | D:2      | HP: 1/24 [Sigmund/scythe (9)]
  1049 | D:2      | Succumbed to an adder's poison

Vault maps used:
D:1:      erik_arrival_triangle_small
D:2:      uniq_sigmund

Skill      XL: |  1 |
---------------+----+-----
Axes           | 3 |  3.2
Fighting       | |  2.2
Throwing       | |  2.1
Armour         | |  0.1
Dodging        | |  2.3

Action                   || total
-------------------------++-------
Melee: War axe           ||    61
       Kick              ||     9
Throw: Throwing net      ||     3
  Use: Scroll            ||     3
 Stab: Held in net/web   ||     2
Armor: Leather armour    ||    39
Dodge: Dodged            ||    48
